PIO (24 & UNDER)
CHULA VISTA TACOS @ SALEM SLEDGEHAMMERS
09/04/2028
 
TOP OF THE 1ST
Chula Vista Tacos batting - Pitching for Salem Sledgehammers : RHP Will Robinson
Pitching: RHP Will Robinson
Batting: RHB Matt O'Rourke 0-0: Ball
1-0: Foul Ball, location: 2F
1-1: Ground out 5-3 (Groundball, 56)
Batting: RHB Preston Wooten 0-0: Fly out, F8 (Line Drive, 8LD)
Batting: RHB Juan García 0-0: Ball
1-0: Ball
2-0: Swinging Strike
2-1: Ball
3-1: Foul Ball, location: 2F
3-2: SINGLE (Flyball, 89S)
Batting: LHB Nick Hill 0-0: Ball
1-0: Ball
2-0: Swinging Strike
Passed Ball!
Juan García to second
2-1: Ground out 3-1 (Groundball, 34)
Top of the 1st over - 0 run(s), 1 hit(s), 0 error(s), 1 left on base; Chula Vista 0 - Salem 0
BOTTOM OF THE 1ST
Salem Sledgehammers batting - Pitching for Chula Vista Tacos : RHP Maurice Green
Pitching: RHP Maurice Green
Batting: LHB Juan Ortíz 0-0: Ground out 3-1 (Groundball, 34S)
Batting: LHB José Guillén 0-0: Foul Ball, location: 2F
0-1: Called Strike
0-2: Strikes out swinging
Batting: RHB Carlos Sánchez 0-0: SINGLE (Line Drive, 9LS)
Batting: LHB Gary Cahill 0-0: Ball
Carlos Sánchez steals 2nd base
1-0: Reached on error, E6 (Groundball, 6)
Carlos Sánchez to third
Batting: RHB John Burton 0-0: Called Strike
0-1: Ball
1-1: Ball
2-1: Swinging Strike
2-2: Foul Ball, location: 2F
2-2: Foul Ball, location: 2F
2-2: Ball
3-2: SINGLE (Groundball, 6MD)
Carlos Sánchez scores
Gary Cahill to second
Gary Cahill to third
Batting: RHB Juan Morales 0-0: Hit by Pitch
John Burton to second
Batting: RHB Ben Byrd 0-0: Ball
1-0: Ball
2-0: SINGLE (Groundball, 34D)
Gary Cahill scores
John Burton to third
Juan Morales to second
Runner from 3rd tries for Home, SAFE, throw made home
Juan Morales to third
Ben Byrd to second
Batting: RHB Steve West 0-0: Ball
1-0: Ball
2-0: Called Strike
2-1: Foul Ball, location: 2F
2-2: Strikes out swinging
Bottom of the 1st over - 3 run(s), 3 hit(s), 1 error(s), 2 left on base; Chula Vista 0 - Salem 3
TOP OF THE 2ND
Chula Vista Tacos batting - Pitching for Salem Sledgehammers : RHP Will Robinson
Batting: LHB Roderick Delgado 0-0: Called Strike
0-1: Ball
1-1: Ball
2-1: Ground out 5-3 (Groundball, 56S)
Batting: LHB Jean Beauchemin 0-0: Called Strike
0-1: Foul Ball, location: 2F
0-2: Ball
1-2: Ball
2-2: Foul Ball, location: 2F
2-2: Ball
3-2: Fly out, F3 (Line Drive, 3)
Batting: RHB Lee Scott 0-0: DOUBLE (Groundball, 5L)
Batting: RHB Germán Ontiveros 0-0: Ball
1-0: Foul Ball, location: 2F
1-1: Hit by Pitch
Batting: RHB Domynguos Tabucchi 0-0: Ball
1-0: Fielders Choice at 2nd, 5-4 (Groundball, 5)
Top of the 2nd over - 0 run(s), 1 hit(s), 0 error(s), 1 left on base; Chula Vista 0 - Salem 3
BOTTOM OF THE 2ND
Salem Sledgehammers batting - Pitching for Chula Vista Tacos : RHP Maurice Green
Batting: RHB Timothy Foster 0-0: Called Strike
0-1: Swinging Strike
0-2: Strikes out looking
Batting: LHB Juan Ortíz 0-0: Fly out, F9 (Flyball, 89S)
Batting: LHB José Guillén 0-0: Called Strike
0-1: Ball
1-1: SINGLE (Groundball, 15S) (infield hit)
Batting: RHB Carlos Sánchez 0-0: Called Strike
0-1: Called Strike
0-2: SINGLE (Line Drive, 78S)
José Guillén to second
José Guillén to third
Batting: LHB Gary Cahill 0-0: Foul Ball, location: 2F
0-1: Ball
1-1: Ball
2-1: Foul Ball, location: 2F
2-2: Foul Ball, location: 2F
2-2: Fly out, F7 (Flyball, 7)
Bottom of the 2nd over - 0 run(s), 2 hit(s), 0 error(s), 2 left on base; Chula Vista 0 - Salem 3
TOP OF THE 3RD
Chula Vista Tacos batting - Pitching for Salem Sledgehammers : RHP Will Robinson
Batting: RHB Matt O'Rourke 0-0: Bunt for hit - play at first, batter safe!
Batting: RHB Preston Wooten 0-0: Fly out, F8 (Flyball, 8LM)
Batting: RHB Juan García 0-0: Called Strike
0-1: Ball
1-1: Ball
Matt O'Rourke steals 2nd base
2-1: Swinging Strike
2-2: Foul Ball, location: 2F
2-2: Ball
3-2: Ground out 5-3 (Groundball, 5)
Batting: LHB Nick Hill 0-0: Ball
1-0: Ball
2-0: Ball
3-0: Called Strike
3-1: Foul Ball, location: 2F
3-2: Foul Ball, location: 2F
3-2: Base on Balls
Batting: LHB Roderick Delgado 0-0: Called Strike
0-1: Foul Ball, location: 2F
0-2: Strikes out swinging
Top of the 3rd over - 0 run(s), 1 hit(s), 0 error(s), 2 left on base; Chula Vista 0 - Salem 3
BOTTOM OF THE 3RD
Salem Sledgehammers batting - Pitching for Chula Vista Tacos : RHP Maurice Green
Batting: RHB John Burton 0-0: Foul Ball, location: 2F
0-1: Fly out, F8 (Flyball, 89M)
Batting: RHB Juan Morales 0-0: Ground out 4-3 (Groundball, 4M)
Batting: RHB Ben Byrd 0-0: Ball
1-0: Called Strike
1-1: Called Strike
1-2: Strikes out swinging
Bottom of the 3rd over - 0 run(s), 0 hit(s), 0 error(s), 0 left on base; Chula Vista 0 - Salem 3
TOP OF THE 4TH
Chula Vista Tacos batting - Pitching for Salem Sledgehammers : RHP Will Robinson
Batting: LHB Jean Beauchemin 0-0: Ball
1-0: Swinging Strike
1-1: Called Strike
1-2: Ball
2-2: Ball
3-2: Foul Ball, location: 2F
3-2: Strikes out swinging
Batting: RHB Lee Scott 0-0: Called Strike
0-1: Swinging Strike
0-2: Ball
1-2: Ball
2-2: Ball
3-2: Fly out, F8 (Line Drive, 8LM)
Batting: RHB Germán Ontiveros 0-0: Ball
1-0: Called Strike
1-1: Swinging Strike
1-2: Strikes out swinging
Top of the 4th over - 0 run(s), 0 hit(s), 0 error(s), 0 left on base; Chula Vista 0 - Salem 3
BOTTOM OF THE 4TH
Salem Sledgehammers batting - Pitching for Chula Vista Tacos : RHP Maurice Green
Batting: RHB Steve West 0-0: Called Strike
0-1: Called Strike
0-2: Ball
1-2: Foul Ball, location: 2F
1-2: Ball
2-2: Strikes out swinging
Batting: RHB Timothy Foster 0-0: Called Strike
0-1: Foul Ball, location: 2F
0-2: Strikes out swinging
Batting: LHB Juan Ortíz 0-0: Fly out, F8 (Line Drive, 8LS)
Bottom of the 4th over - 0 run(s), 0 hit(s), 0 error(s), 0 left on base; Chula Vista 0 - Salem 3
TOP OF THE 5TH
Chula Vista Tacos batting - Pitching for Salem Sledgehammers : RHP Will Robinson
Batting: RHB Domynguos Tabucchi 0-0: Ball
1-0: Called Strike
1-1: Foul Ball, location: 2F
1-2: Strikes out swinging
Batting: RHB Matt O'Rourke 0-0: Foul Ball, location: 2F
0-1: Foul Ball, location: 2F
0-2: Ball
1-2: Foul Ball, location: 2F
1-2: Strikes out looking
Batting: RHB Preston Wooten 0-0: Ball
1-0: Ball
2-0: Swinging Strike
2-1: Foul Ball, location: 2F
2-2: Foul Ball, location: 2F
2-2: Strikes out swinging
Top of the 5th over - 0 run(s), 0 hit(s), 0 error(s), 0 left on base; Chula Vista 0 - Salem 3
BOTTOM OF THE 5TH
Salem Sledgehammers batting - Pitching for Chula Vista Tacos : RHP Maurice Green
Batting: LHB José Guillén 0-0: Called Strike
0-1: SINGLE (Groundball, 6D)
Batting: RHB Carlos Sánchez 0-0: Foul Ball, location: 2F
0-1: Ball
1-1: Foul Ball, location: 2F
1-2: Ball
2-2: Foul Ball, location: 2F
2-2: Strikes out swinging
Batting: LHB Gary Cahill 0-0: Swinging Strike
0-1: Ball
1-1: Called Strike
1-2: DOUBLE (Flyball, 78D)
José Guillén to third
Runner from 3rd tries for Home, SAFE, no throw
Batting: RHB John Burton 0-0: Ball
1-0: Swinging Strike
1-1: Ball
2-1: Called Strike
2-2: Ball
3-2: Base on Balls
Batting: RHB Juan Morales 0-0: Ground out U3 (Groundball, 3S)
Gary Cahill to third
John Burton to second
Batting: RHB Ben Byrd 0-0: Called Strike
0-1: Ball
1-1: Ball
2-1: Swinging Strike
2-2: Strikes out swinging
Bottom of the 5th over - 1 run(s), 2 hit(s), 0 error(s), 2 left on base; Chula Vista 0 - Salem 4
TOP OF THE 6TH
Chula Vista Tacos batting - Pitching for Salem Sledgehammers : RHP Will Robinson
Batting: RHB Juan García 0-0: Foul Ball, location: 2F
0-1: Called Strike
0-2: Ball
1-2: Ball
2-2: Ball
3-2: Base on Balls
Pitching: RHP Duncan McBride
Batting: LHB Nick Hill 0-0: Ball
1-0: Ball
2-0: Fly out, F7 (Line Drive, 7)
Batting: LHB Roderick Delgado 0-0: Foul Ball, location: 2F
0-1: Ball
1-1: Fielders Choice at 2nd, 3-6 (Groundball, 34)
Batting: LHB Jean Beauchemin 0-0: Ball
1-0: SINGLE (Line Drive, 56)
Roderick Delgado to second
Batting: RHB Lee Scott 0-0: Ball
1-0: Ball
2-0: Ball
3-0: Base on Balls
Roderick Delgado to third
Jean Beauchemin to second
Batting: RHB Germán Ontiveros 0-0: Fly out, F7 (Flyball, 78M)
Top of the 6th over - 0 run(s), 1 hit(s), 0 error(s), 3 left on base; Chula Vista 0 - Salem 4
BOTTOM OF THE 6TH
Salem Sledgehammers batting - Pitching for Chula Vista Tacos : RHP Maurice Green
Batting: RHB Steve West 0-0: Called Strike
0-1: Foul Ball, location: 2F
0-2: Ball
1-2: Strikes out swinging
Pitching: RHP Ron Davis
Batting: RHB Timothy Foster 0-0: Ball
1-0: Ball
2-0: Called Strike
2-1: Ground out 6-3 (Groundball, 6)
Batting: LHB Juan Ortíz 0-0: Ball
1-0: Called Strike
1-1: Fly out, F8 (Flyball, 8LM)
Bottom of the 6th over - 0 run(s), 0 hit(s), 0 error(s), 0 left on base; Chula Vista 0 - Salem 4
TOP OF THE 7TH
Chula Vista Tacos batting - Pitching for Salem Sledgehammers : RHP Duncan McBride
Batting: RHB Domynguos Tabucchi 0-0: Swinging Strike
0-1: Ball
1-1: Foul Ball, location: 2F
1-2: Ball
2-2: Ball
3-2: Strikes out looking
Batting: RHB Matt O'Rourke 0-0: Called Strike
0-1: Ball
1-1: Foul Ball, location: 2F
1-2: DOUBLE (Groundball, 5L)
Batting: RHB Preston Wooten 0-0: Foul Ball, location: 2F
0-1: Swinging Strike
0-2: Ball
1-2: Strikes out swinging
Batting: RHB Juan García 0-0: Ball
1-0: Ball
2-0: Foul Ball, location: 2F
2-1: Fly out, F2 (Popup, 13S)
Top of the 7th over - 0 run(s), 1 hit(s), 0 error(s), 1 left on base; Chula Vista 0 - Salem 4
BOTTOM OF THE 7TH
Salem Sledgehammers batting - Pitching for Chula Vista Tacos : RHP Ron Davis
Batting: LHB José Guillén 0-0: Called Strike
0-1: Ball
1-1: Called Strike
1-2: Ball
2-2: Strikes out swinging
Batting: RHB Carlos Sánchez 0-0: Called Strike
0-1: Swinging Strike
0-2: Ground out 6-3 (Groundball, 6M)
Batting: LHB Gary Cahill 0-0: Called Strike
0-1: Ball
1-1: Called Strike
1-2: SOLO HOME RUN (Flyball, 9D), Distance : 413 ft
Batting: RHB John Burton 0-0: Ball
1-0: Called Strike
1-1: Ball
2-1: Ball
3-1: Ground out U3 (Groundball, 34)
Bottom of the 7th over - 1 run(s), 1 hit(s), 0 error(s), 0 left on base; Chula Vista 0 - Salem 5
TOP OF THE 8TH
Chula Vista Tacos batting - Pitching for Salem Sledgehammers : RHP Duncan McBride
Now at C: Joe Wright
Now in LF: Miguel Gálvez
Now in CF: Brandon Sharp
Batting: LHB Nick Hill 0-0: Foul Ball, location: 2F
0-1: Fly out, F6 (Line Drive, 6)
Batting: LHB Roderick Delgado 0-0: Ball
1-0: Called Strike
1-1: Ball
2-1: Foul Ball, location: 2F
2-2: Foul Ball, location: 2F
2-2: Fly out, F7 (Flyball, 78S)
Batting: LHB Jean Beauchemin 0-0: Called Strike
0-1: Called Strike
0-2: Ball
1-2: Ball
2-2: Foul Ball, location: 2F
2-2: SINGLE (Flyball, 8LS)
Batting: RHB Lee Scott 0-0: Foul Ball, location: 2F
0-1: Ball
1-1: Ball
Wild Pitch!
Jean Beauchemin to second
2-1: Swinging Strike
2-2: Reached on error, E6 (Groundball, 6S)
Jean Beauchemin to third
Batting: RHB Germán Ontiveros 0-0: Fly out, F9 (Flyball, 89M)
Top of the 8th over - 0 run(s), 1 hit(s), 1 error(s), 2 left on base; Chula Vista 0 - Salem 5
BOTTOM OF THE 8TH
Salem Sledgehammers batting - Pitching for Chula Vista Tacos : RHP Ron Davis
Batting: RHB Juan Morales 0-0: Ball
1-0: Ball
2-0: Ball
3-0: Called Strike
3-1: Base on Balls
Batting: RHB Ben Byrd 0-0: Called Strike
0-1: Ball
1-1: Swinging Strike
1-2: Strikes out swinging
Batting: RHB Joe Wright 0-0: Ball
1-0: Foul Ball, location: 2F
1-1: Called Strike
1-2: Ball
2-2: Ball
Juan Morales is caught stealing 2nd base
3-2: Base on Balls
Batting: RHB Timothy Foster 0-0: Called Strike
0-1: Foul Ball, location: 2F
0-2: Foul Ball, location: 2F
0-2: Ball
1-2: Strikes out swinging
Bottom of the 8th over - 0 run(s), 0 hit(s), 0 error(s), 1 left on base; Chula Vista 0 - Salem 5
TOP OF THE 9TH
Chula Vista Tacos batting - Pitching for Salem Sledgehammers : RHP Duncan McBride
Pitching: LHP John Dyer
Batting: RHB Domynguos Tabucchi 0-0: SINGLE (Line Drive, 6MD)
Batting: RHB Matt O'Rourke 0-0: Ball
1-0: Swinging Strike
1-1: Ball
2-1: Called Strike
2-2: Strikes out swinging
Batting: RHB Preston Wooten 0-0: Ball
1-0: SINGLE (Line Drive, 78S)
Domynguos Tabucchi to second
Batting: RHB Juan García 0-0: Ball
1-0: Called Strike
1-1: Ball
2-1: Foul Ball, location: 2F
2-2: DOUBLE (Groundball, 3L)
Domynguos Tabucchi scores
Preston Wooten to third
Batting: LHB Nick Hill 0-0: Ball
1-0: Ball
2-0: Called Strike
2-1: Called Strike
2-2: Foul Ball, location: 2F
2-2: Foul Ball, location: 2F
2-2: Ball
3-2: Strikes out swinging
Batting: LHB Roderick Delgado 0-0: Swinging Strike
0-1: Foul Ball, location: 2F
0-2: Foul Ball, location: 2F
0-2: Strikes out swinging
Top of the 9th over - 1 run(s), 3 hit(s), 0 error(s), 2 left on base; Chula Vista 1 - Salem 5
Tuesday, August 8th, 2017 - OOTP Baseball 17.12 Build 75